 Dungeon Crawl Stone Soup version 0.18.0-1-g0107ab7 (webtiles) character file.

25298 barb4r1an the Fighter (level 13, -2/85 HPs)
             Began as a Gargoyle Berserker on May 5, 2016.
             Was a High Priest of Trog.
             Slain by a large abomination (19 damage)
             ... on level 1 of the Abyss.
             The game lasted 00:36:02 (13701 turns).

barb4r1an the Fighter (Gargoyle Berserker)         Turns: 13701, Time: 00:36:03

Health: -2/85      AC: 31    Str: 25      XL:     13   Next: 18%
Magic:  13/13      EV: 14    Int: 10 (11) God:    Trog [*****.]
Gold:   537        SH:  0    Dex: 16 (17) Spells: 0 memorised, 12 levels left

rFire  . . .     SeeInvis +     G - +5 executioner's axe (flame)
rCold  + . .     Gourm    .     t - +0 shadow dragon armour
rNeg   + . .     Faith    .     (shield currently unavailable)
rPois  ∞         Spirit   .     I - +0 helmet "Xaossefeg" {*Corrode Str+3 Dex+4 SInv Stlth+}
rElec  +         Dismiss  .     H - +1 cloak
rCorr  +         Reflect  .     (no gloves)
SustAt .         Harm     .     U - +0 pair of boots
MR     .....                    (no amulet)
Stlth  ++++......               v - ring of resist corrosion
                                E - ring of the Equinox {rPois Dex+3 SInv Stlth+}

@: exhausted, not resistant to hostile enchantments, stealthy
A: clever 1, clumsy 1, cold resistance 1, deterioration 1, negative energy
resistance 1, shaggy fur 1, electricity resistance, unbreathing, petrification
resistance, rot immunity, AC +9
a: Berserk, Trog's Hand, Brothers in Arms, Burn Spellbooks, Renounce Religion


You were on level 1 of the Abyss.
You worshipped Trog.
Trog was extremely pleased with you.
You were very hungry.

You visited 2 branches of the dungeon, and saw 15 of its levels.
You visited the Abyss 1 time.
You also visited: Labyrinth.

You collected 575 gold pieces.
You spent 38 gold pieces at shops.

Inventory:

Hand Weapons
 x - the +9 mace of Satyriasis {drain, Str+3 Dex+6}
   (You found it on level 1 of the Lair of Beasts)

   A truly terrible weapon, it drains the life of those it strikes.
   It affects your strength (+3).
   It affects your dexterity (+6).
 G - a +5 executioner's axe of flaming (weapon)
Armour
 t - a +0 shadow dragon armour (worn)
 H - a +1 cloak (worn)
 I - the +0 helmet "Xaossefeg" (worn) {*Corrode Str+3 Dex+4 SInv Stlth+}
   (You found it in a labyrinth)

   It affects your strength (+3).
   It affects your dexterity (+4).
   It lets you see invisible.
   It may corrode you when you take damage.
   It makes you more stealthy.
 U - a +0 pair of boots (worn)
Jewellery
 n - an uncursed ring of flight
 v - a ring of resist corrosion (right hand)
 w - an uncursed ring of protection from fire
 E - the ring of the Equinox (left hand) {rPois Dex+3 SInv Stlth+}
   (You found it on level 6 of the Dungeon)

   [ring of see invisible]

   It affects your dexterity (+3).
   It protects you from poison.
   It lets you see invisible.
   It makes you more stealthy.
 M - an uncursed ring of positive energy
 T - an uncursed ring of protection from cold
Wands
 p - a wand of teleportation (3/9)
 s - a wand of disintegration (17/24)
Scrolls
 d - 3 scrolls of fog
 e - a scroll of brand weapon
 f - 2 scrolls of immolation
 g - a scroll of enchant weapon
 j - 2 scrolls of noise
 r - a scroll of amnesia
 y - 7 scrolls of teleportation
 C - 3 scrolls of remove curse
 L - a scroll of vulnerability {unknown}
 N - a scroll of enchant armour
 O - a scroll of holy word {unknown}
 P - 3 scrolls of identify
 Q - 3 scrolls of fear
Potions
 a - 4 potions of haste
 b - a potion of resistance
 h - a potion of might
 l - 3 potions of heal wounds
 o - 4 potions of brilliance
 q - a potion of ambrosia
 u - 2 potions of flight
 z - a potion of degeneration {unknown}
 B - 5 potions of curing
 F - a potion of magic {unknown}
 J - a potion of agility {unknown}
 W - 2 potions of lignification {unknown}
Comestibles
 c - a bread ration
 k - 13 royal jellies
 m - 8 meat rations
 A - 2 beef jerkies
 D - 2 fruits
 K - 8 slices of pizza


   Skills:
 + Level 11.6 Fighting
   Level 5.3 Long Blades
 - Level 9.2(9.7) Axes
 * Level 5.1(8.2) Maces & Flails
 + Level 11.5 Armour
 + Level 9.4 Dodging


You had 12 spell levels left.
You didn't know any spells.

Dungeon Overview and Level Annotations

Branches:
Dungeon (12/15)            Temple (0/1) D:7            Lair (3/8) D:10
 Shoals (0/4) Lair:3          Orc (0/2) D:10
  Snake: Lair:3-6    Spider: Lair:3-6

Altars:
Ashenzari
Elyvilon
Fedhas
Gozag
Kikubaaqudgha
Okawaru
Ru
Yredelemnul
The Shining One

Shops:
D:5 (   D:10 %(?*=   D:11 (

Annotations:
Lair:3 Sonja


Innate Abilities, Weirdness & Mutations

You are resistant to torment.
Your stone body is resilient (AC +9).
You are immune to poison.
You resist negative energy.
You are resistant to electric shocks.
You can survive without breathing.
You are immune to petrification.
You are immune to rotting.
Your mind is acute. (Int +2)
You are clumsy. (Dex -2)
Your flesh is cold resistant.
Your body sometimes deteriorates upon taking damage.
You are covered in fur (AC +1).


Message History

The insubstantial wisp blinks!
An insubstantial wisp comes into view.
The insubstantial wisp gives a chilling moan.
You hit the large abomination. You burn the large abomination.
The large abomination is severely damaged.
The large abomination misses you. 2 insubstantial wisps and an ancient zyme come into view.
The insubstantial wisp gives a chilling moan.
You hit the large abomination but do no damage.
The large abomination is severely damaged.
The insubstantial wisp moves out of view.
The large abomination completely misses you.
An insubstantial wisp comes into view.
The insubstantial wisp gives a chilling moan.
You hit the large abomination. You burn the large abomination.
The large abomination is almost destroyed.
The large abomination hits you!
* * * LOW HITPOINT WARNING * * *
The large abomination hits you!!
You die...

# #.# # .##
#. .. . #. ##
.## ## #
.#.###..# .
#@X.$# . . #
#$##.##. . .
#.##.#x....#
. .
...#†###..♣.♣
... ... #....
...# .
##..#.##
...v.# . . ..
#. #....#X..
# .. .#. .
...... . . .#
#.#........
#.


You could see a tentacled starspawn (wandering), an ancient zyme, a large
abomination and an insubstantial wisp.

Vanquished Creatures
  Gastronok (D:9)
  A minotaur (Lab)
  2 hydras
  A catoblepas (Lair:3)
  Erica (D:9)
  An unseen horror (D:10)
  A storm dragon skeleton (Abyss:1)
  2 large abominations (Abyss:1)
  A hill giant (D:11)
  A cyclops (D:7)
  Psyche (D:9)
  A spiny frog (Lair:1)
  2 centaur skeletons
  3 komodo dragons (Lair:1)
  5 trolls
  3 ancient zymes (Abyss:1)
  A queen bee (D:10)
  6 raiju (Abyss:1)
  A two-headed ogre (D:11)
  3 blink frogs (Lair:1)
  Prince Ribbit (D:9)
  A shadow (D:11)
  2 wyverns (D:11)
  10 yaks
  A human (D:7)
  A basilisk (Lair:1)
  A hungry ghost (D:11)
  Eustachio (D:5)
  A steam dragon (D:11)
  4 hippogriffs
  A neqoxec (Abyss:1)
  2 small abominations (Abyss:1)
  Edmund (D:4)
  3 water moccasins
  6 orc warriors
  4 porcupines
  3 ice beasts
  A sky beast (D:5)
  2 eyes of draining
  A phantom (D:4)
  2 necrophages
  6 ogres
  2 centaurs
  8 crocodiles
  4 giant frogs
  A scorpion (D:11)
  33 killer bees
  4 wights (D:11)
  2 electric eels (D:6)
  5 crimson imps
  A centaur zombie (D:9)
  A giant frog zombie (D:10)
  A quasit (D:5)
  3 hounds
  3 jellies
  22 orc wizards
  2 giant frog skeletons
  11 orc priests
  A gnoll shaman (D:6)
  Crazy Yiuf (D:7)
  Jessica (D:2)
  10 iguanas
  11 worker ants
  8 sheep
  A killer bee zombie (D:7)
  2 hound skeletons (D:4)
  A howler monkey zombie (D:6)
  12 gnolls
  17 river rats
  10 adders
  A shadow imp (D:10)
  An adder zombie (D:9)
  2 oozes
  A worm (D:3)
  4 dart slugs
  6 giant geckos
  43 orcs
  9 bats
  4 giant cockroaches
  8 hobgoblins
  2 jackals (D:9)
  6 kobolds
  7 quokkas
  3 ball pythons (D:4)
  A ball python zombie (D:5)
  A giant gecko skeleton (D:7)
  3 giant newts
  7 goblins
  2 quokka skeletons
  A quokka zombie (D:5)
  8 rats
391 creatures vanquished.

Vanquished Creatures (collateral kills)
  An orc warrior (D:9)
  An orc priest (D:9)
  An orc wizard (D:9)
  3 river rats (Lair:1)
  An orc (D:9)
7 creatures vanquished.

Vanquished Creatures (others)
  An orc (D:6)
  2 fungi (Lair:3)
  2 plants (D:6)
5 creatures vanquished.

Grand Total: 403 creatures vanquished

Notes
Turn   | Place    | Note
--------------------------------------------------------------
     0 | D:1      | barb4r1an the Gargoyle Berserker began the quest for the Orb.
     0 | D:1      | Reached XP level 1. HP: 14/14 MP: 1/1
   121 | D:1      | Reached XP level 2. HP: 19/19 MP: 2/2
   615 | D:2      | Noticed Jessica
   622 | D:2      | Reached XP level 3. HP: 23/23 MP: 3/3
   624 | D:2      | Killed Jessica
   818 | D:2      | Found an iron altar of Okawaru.
   859 | D:2      | Reached XP level 4. HP: 27/29 MP: 4/4
   934 | D:2      | Reached ** piety under Trog
  1538 | D:3      | Reached XP level 5. HP: 12/33 MP: 5/5
  2142 | D:4      | Reached *** piety under Trog
  2152 | D:4      | Noticed a phantom
  2190 | D:4      | Killed a phantom
  2190 | D:4      | Reached XP level 6. HP: 34/39 MP: 6/6
  2319 | D:4      | Noticed Edmund
  2329 | D:4      | Killed Edmund
  2329 | D:4      | Reached skill level 5 in Fighting
  2329 | D:4      | Reached XP level 7. HP: 44/44 MP: 7/7
  3338 | D:5      | Entered Level 5 of the Dungeon
  3661 | D:5      | Reached skill level 5 in Armour
  3705 | D:5      | Reached skill level 5 in Axes
  3705 | D:5      | Reached XP level 8. HP: 49/51 MP: 8/8
  3769 | D:5      | Found a sacrificial altar of Ru.
  3926 | D:5      | Found Nonoh's Weapon Boutique.
  3947 | D:5      | Noticed Eustachio
  3961 | D:5      | Killed Eustachio
  4030 | D:5      | Gained mutation: Your body sometimes deteriorates upon taking damage. [mutagenic meat]
  4031 | D:5      | Gained mutation: You are covered in fur (AC +1). [mutagenic meat]
  4032 | D:5      | Gained mutation: You are clumsy. (Dex -2) [mutagenic meat]
  4033 | D:5      | Gained mutation: Your flesh is cold resistant. [mutagenic meat]
  4117 | D:5      | Reached **** piety under Trog
  4294 | D:5      | Found a white marble altar of Elyvilon.
  4294 | D:5      | Found an ancient bone altar of Kikubaaqudgha.
  4294 | D:5      | Found a blossoming altar of Fedhas.
  4308 | D:5      | Reached XP level 9. HP: 50/56 MP: 9/9
  4534 | D:6      | Reached skill level 5 in Dodging
  4640 | D:6      | Found an opulent altar of Gozag.
  4879 | D:6      | Got a wavering lead ring
  5719 | D:7      | Found a staircase to the Ecumenical Temple.
  5850 | D:7      | Noticed Crazy Yiuf
  5860 | D:7      | Killed Crazy Yiuf
  5893 | D:7      | Found a shattered altar of Ashenzari.
  6003 | D:7      | Noticed a cyclops
  6013 | D:7      | Killed a cyclops
  6021 | D:7      | Reached ***** piety under Trog
  6021 | D:7      | Reached XP level 10. HP: 33/64 MP: 10/10
  6747 | D:8      | Identified the ring of the Equinox {rPois Dex+3 SInv Stlth+} (You found it on level 6 of the Dungeon)
  7184 | D:9      | Found a shattered altar of Ashenzari.
  7217 | D:9      | Noticed Gastronok
  7239 | D:9      | Killed Gastronok
  7434 | D:9      | Noticed Erica
  7448 | D:9      | Killed Erica
  7448 | D:9      | Reached XP level 11. HP: 42/71 MP: 11/11
  7512 | D:9      | Noticed Psyche
  7518 | D:9      | Killed Psyche
  7602 | D:9      | Noticed Prince Ribbit
  7608 | D:9      | Reached skill level 1 in Long Blades
  7656 | D:9      | Killed Prince Ribbit
  7692 | D:9      | Found a sacrificial altar of Ru.
  8062 | D:9      | Found a glowing golden altar of the Shining One.
  8092 | D:10     | Entered Level 10 of the Dungeon
  8092 | D:10     | Found Goruhih's Magic Scroll Shoppe.
  8098 | D:10     | Bought a scroll of fear for 38 gold pieces
  8433 | D:10     | Reached skill level 10 in Fighting
  8767 | D:10     | Reached skill level 10 in Armour
  8933 | D:10     | You fall through a shaft for 2 floors!
  8965 | D:11     | Received a gift from Trog
  9496 | D:11     | Found Lenusch's Antique Weapon Shop.
  9523 | D:11     | Reached skill level 5 in Long Blades
  9645 | D:11     | Reached XP level 12. HP: 78/78 MP: 12/12
 10124 | D:11     | Noticed a six-headed hydra
 10133 | D:11     | Killed a three-headed hydra
 10184 | D:10     | Found Xuluv's Assorted Antiques.
 10187 | D:10     | Found Astrap's Jewellery Boutique.
 10238 | D:10     | Found Laxzeth's Antique Weapon Shop.
 10397 | D:10     | Found a staircase to the Orcish Mines.
 10447 | D:10     | Found a staircase to the Lair.
 10486 | D:10     | Found Atohitu's Food Shoppe.
 10601 | Lair:1   | Entered Level 1 of the Lair of Beasts
 10694 | Lair:1   | Found a labyrinth entrance.
 10713 | Lab      | Entered a labyrinth
 10911 | Lab      | Noticed a minotaur
 10919 | Lab      | Killed a minotaur
 10926 | Lab      | Identified the Almanac of Earthen Hexes
 10927 | Lab      | Got a smoking helmet
 10938 | Lab      | Identified the cursed +0 helmet "Xaossefeg" {*Corrode Str+3 Dex+4 SInv Stlth+} (You found it in a labyrinth)
 11152 | Lair:1   | Got a fine mace
 11158 | Lair:1   | Identified the +9 mace of Satyriasis {drain, Str+3 Dex+6} (You found it on level 1 of the Lair of Beasts)
 11407 | Lair:1   | Reached skill level 1 in Maces & Flails
 11800 | Lair:2   | Found a basalt altar of Yredelemnul.
 12630 | Lair:3   | Noticed a catoblepas
 12653 | Lair:3   | Killed a catoblepas
 12796 | Lair:3   | Noticed Sonja
 12811 | Lair:3   | Found a staircase to the Shoals.
 12894 | Lair:3   | Noticed an eight-headed hydra
 12904 | Lair:3   | Killed an eight-headed hydra
 13049 | Lair:3   | Received a gift from Trog
 13460 | Lair:3   | Cast into level 1 of the Abyss (Sonja)
 13604 | Abyss:1  | Reached XP level 13. HP: 57/84 MP: 13/13
 13670 | Abyss:1  | Reached skill level 5 in Maces & Flails
 13671 | Abyss:1  | Gained mutation: Your mind is acute. (Int +2) [a neqoxec]
 13701 | Abyss:1  | Slain by a large abomination

Skill      XL: |  1  2  3  4  5  6  7  8  9 10 11 12 13 |
---------------+----------------------------------------+-----
Axes           | 3 4 5 7 8 9 |  9.2
Dodging        | 2 3 4 5 7 8 9 |  9.4
Armour         | 3 4 5 6 7 9 10 11 | 11.5
Fighting       | 4 5 6 8 9 10 11 | 11.6
Long Blades    | 5 |  5.3
Maces & Flails | 4 5 |  5.1

Action                   |  1- 3 |  4- 6 |  7- 9 | 10-12 | 13-15 || total
-------------------------+-------+-------+-------+-------+-------++-------
Melee: Hand axe          |    73 |    30 |       |       |       ||   103
       War axe           |       |   124 |   500 |   233 |       ||   857
       Flail             |       |       |    10 |       |       ||    10
       Scimitar          |       |       |       |   346 |       ||   346
       Battleaxe         |       |       |       |   227 |       ||   227
       Mace              |       |       |       |   135 |       ||   135
       Executioner's axe |       |       |       |    14 |    52 ||    66
Invok: Berserk           |       |     1 |     3 |     8 |     1 ||    13
       Trog's Hand       |       |       |     8 |     9 |     2 ||    19
       Burn Spellbooks   |       |       |     1 |     1 |       ||     2
       Brothers in Arms  |       |       |       |     1 |       ||     1
  Use: Scroll            |     1 |     4 |     2 |    14 |       ||    21
 Stab: Sleeping          |       |       |     6 |    30 |       ||    36
       Paralysed         |       |       |     2 |       |       ||     2
       Distracted        |       |       |       |     1 |       ||     1
  Eat: Chunk             |       |     5 |    21 |    15 |       ||    41
       Bread ration      |       |       |       |     8 |       ||     8
       Royal jelly       |       |       |       |     2 |       ||     2
       Beef jerky        |       |       |       |     1 |       ||     1
Armor: Animal skin       |    13 |       |       |       |       ||    13
       Ring mail         |    24 |    92 |    49 |       |       ||   165
       Shadow dragon arm |       |       |   361 |   903 |    36 ||  1300
Dodge: Dodged            |    59 |   128 |   269 |   802 |    53 ||  1311
